 Dungeon Crawl Stone Soup version 5.7-8-g3a8b389 (webtiles) character file.

150 Illumine the Chopper (level 6, -2/55 HPs) *SPEED*
             Began as a Minotaur Fighter on Nov 16, 2019.
             Killed by divine providence
             ... invoked by an orc priest
              (9 damage)
             ... on level 3 of the Dungeon.
             The game lasted 00:02:38 (699 turns).

Illumine the Chopper (Minotaur Fighter)              Turns: 699, Time: 00:02:39

Health: -2/55      AC:  8 (28%)Str: 28  XL:     6   Next: 31%
Magic:  7/7        EV:  8    Int: 10    God:
Gold:   92         SH: 10    Dex:  9    Spells: 10/10 levels left

rFire    . . .     SeeInvis .   a - +0 war axe
rCold    . . .     Faith    .   c - +0 shield
rNeg     . . .     Spirit   .   b - +0 scale mail
rPois    .         Reflect  .   (helmet restricted)
rElec    .                      (no cloak)
rCorr    .                      (no gloves)
MR       .....                  f - +0 pair of boots
Stlth    ..........             (no amulet)
Regen    0.2/turn               (no ring)
MPRegen  0.3/turn               (no ring)

@: mighty, brilliant, Turns until doom
A: retaliatory headbutt, horns 2
a: no special abilities


You were on level 3 of the Dungeon.
You were not hungry.

You visited 1 branch of the dungeon, and saw 3 of its levels.

You collected 92 gold pieces.

Inventory:

Hand Weapons
 a - a +0 war axe (weapon)
Missiles
 j - 72 tomahawks (quivered)
Armour
 b - a +0 scale mail (worn)
 c - a +0 shield (worn)
 f - a +0 pair of boots (worn)
Jewellery
 g - a +6 amulet of reflection
 k - an uncursed ring of ice
Scrolls
 e - a scroll of teleportation
 h - 2 scrolls of blinking
 i - a scroll of amnesia


   Skills:
 + Level 4.9 Fighting
 * Level 5.5 Axes
 + Level 5.0 Armour
 + Level 5.0 Shields


You had 10 spell levels left.
You didn't know any spells.
Your spell library was empty.

Dungeon Overview and Level Annotations

Branches:
Dungeon (3/15)

Altars:
Trog
Vehumet
Xom


Innate Abilities, Weirdness & Mutations

You reflexively headbutt those who attack you in melee.
You have a pair of horns on your head.


Message History

The orc hits you with a +0 hand axe (4).
* * * LOW HITPOINT WARNING * * *
You slash the orc (8)!
You kill the orc!
You slash the orc (8)!
You kill the orc!
Your Shields skill increases to level 5!
You slash the orc (14)!
You kill the orc!
The orc priest looks satisfied for a moment.
You hit the orc (5).
The orc is severely wounded.
The orc priest calls upon Beogh to heal the orc.
The orc's wounds heal themselves!
The orc completely misses you.
You feel very mighty all of a sudden.
You feel clever all of a sudden. You block the orc's attack.
You barely miss the orc.
The orc priest calls down the wrath of Beogh upon you.
Beogh smites you (9)!
You die...

##$..##.......#
..............# #
####.........## #.
#............########
#.##.#............ooooo.
#.#.#.####.###o#######.
#...)# #.# #.# ##.#)#
#.# #o# ##.#.# #.# #@# ∩
#....# #.# #.# #....# #.
#.# #...[# #.# ####.####
#.. #.##.. ### #.##.# #.
#.##.# #. #.##.########


You could see an orc priest and an orc.

Vanquished Creatures
  A howler monkey (D:3)
  Jessica (D:2)
  A worker ant (D:3)
  3 adders
  4 dart slugs
  6 orcs (D:3)
  2 quokkas (D:2)
  2 goblins (D:2)
  2 hobgoblins
  6 jackals
  2 bats
  6 frilled lizards
  5 kobolds
  5 rats
46 creatures vanquished.

Notes
Turn   | Place    | Note
-------+----------+-------------------------------------------
     0 | D:1      | Illumine the Minotaur Fighter began the quest for the Orb.
     0 | D:1      | Reached XP level 1. HP: 19/19 MP: 1/1
    44 | D:1      | Reached XP level 2. HP: 26/26 MP: 2/2
   141 | D:1      | Reached XP level 3. HP: 25/33 MP: 3/3
   211 | D:2      | Found a shimmering altar of Xom.
   255 | D:2      | Reached XP level 4. HP: 39/40 MP: 4/4
   281 | D:2      | Found a radiant altar of Vehumet.
   419 | D:2      | Noticed Jessica
   430 | D:2      | Killed Jessica
   430 | D:2      | Reached XP level 5. HP: 35/47 MP: 5/5
   526 | D:3      | Found a bloodstained altar of Trog.
   665 | D:3      | Reached skill level 5 in Axes
   691 | D:3      | Reached skill level 5 in Armour
   691 | D:3      | Reached XP level 6. HP: 9/55 MP: 7/7
   694 | D:3      | Reached skill level 5 in Shields
   699 | D:3      | Killed from afar by an orc priest

Skill      XL: |  1  2  3  4  5  6 |
---------------+-------------------+-----
Axes           | 3 4 5 |  5.5
Armour         | 4 5 |  5.0
Shields        | 4 5 |  5.0
Fighting       | 4 |  4.9

Action                   |  1- 3 |  4- 6 || total
-------------------------+-------+-------++-------
Melee: War axe           |    42 |    64 ||   106
       Headbutt          |     7 |     7 ||    14
  Use: Potion            |       |     1 ||     1
Armor: Scale mail        |    27 |    17 ||    44
Dodge: Dodged            |    15 |    19 ||    34
Block: Shield            |    23 |    29 ||    52
